 Dungeon Crawl Stone Soup version 0.24.0-123-gd5b16e6ec5 (webtiles) character file.

Game seed: 6265248401630132824, levelgen mode: deterministic

1769226 Zeeb the Conqueror (level 27, 273/273 HPs)
             Began as a Minotaur Fighter on Nov 12, 2019.
             Was the Champion of Okawaru.
             Escaped with the Orb
             ... and 3 runes on Dec 23, 2019!
             The game lasted 10:16:55 (64853 turns).

Zeeb the Conqueror (Minotaur Fighter)              Turns: 64853, Time: 10:16:56

Health: 273/273    AC: 45    Str: 27    XL:     27
Magic:  23/23      EV: 24    Int:  6    God:    Okawaru [******]
Gold:   4826       SH: 24    Dex: 18    Spells: 26/26 levels left

rFire    + + +     SeeInvis +   A - +9 morningstar "Giantbane" {crush, *Contam Dex+5 SInv}
rCold    + + .     Gourm    .   m - +5 shield {reflect}
rNeg     + + .     Faith    .   e - +15 Maxwell's patent armour {-Cast -Tele rElec MR+ rCorr}
rPois    +         Spirit   .   W - -2 hat of the Alchemist {rElec rPois rF+ rC+ rN+ MR+ rMut rCorr}
rElec    +         Reflect  +   y - +0 cloak of the Sailor {rElec rF+ MR+ rCorr}
rCorr    +         Harm     .   s - +0 pair of fencer's gloves {Riposte Dex+3}
rMut     +         NoTele   +   N - +2 pair of boots {run}
MR       +++++     NoCast   +   V - amulet "Puepul" {+Fly rElec Regen+}
Stlth    ..........             Q - ring "Afater" {rElec rF+ rN+ MR+ Stlth-}
HPRegen  0.95/turn              F - +5 ring of protection
MPRegen  0.18/turn

@: quick
A: retaliatory headbutt, horns 2, iridescent scales 1, clumsy 1, cold resistance
1, deformed body, low mp 1, mutation resistance 1, sense surroundings 1,
screaming 1, weak 2
0: Orb of Zot
}: 3/15 runes: serpentine, barnacled, silver
a: Heroism, Finesse, Renounce Religion, Evoke Flight


You escaped.
You worshipped Okawaru.
Okawaru was exalted by your worship.
You were not hungry.

You visited 11 branches of the dungeon, and saw 51 of its levels.
You also visited: Gauntlet and Ice Cave.

You collected 6791 gold pieces.
You spent 1965 gold pieces at shops.

Inventory:

Hand Weapons
 z - a +1 double sword of venom
 A - the +9 morningstar "Giantbane" (weapon) {crush, *Contam Dex+5 SInv}
   (Okawaru gifted it to you on level 3 of the Elven Halls)

   It inflicts extra damage upon your enemies.
   It affects your dexterity (+5).
   It lets you see invisible.
   It causes magical contamination when unequipped.
 J - a +3 scimitar of holy wrath
 Y - the +9 long sword "Cokomen" {speed, +Fly rC- MR++ SInv}
   (Okawaru gifted it to you on level 4 of the Vaults)

   Attacks with this weapon are significantly faster.
   It makes you vulnerable to cold.
   It affects your resistance to hostile enchantments.
   It lets you see invisible.
   It lets you fly.
Missiles
 R - 15 silver boomerangs (quivered)
Armour
 c - a scarf of cloud immunity
 e - the +15 Maxwell's patent armour (worn) {-Cast -Tele rElec MR+ rCorr}
   (Okawaru gifted it to you on level 6 of the Lair of Beasts)

   It insulates you from electricity.
   It affects your resistance to hostile enchantments.
   It prevents spellcasting.
   It prevents most forms of teleportation.
   It provides partial protection from all sources of acid and corrosion.
 m - a +5 shield of reflection (worn)
 p - the +10 large shield of Ignorance {rN+ Int-4}
   (You found it on level 5 of the Vaults)

   It affects your intelligence (-4).
   It protects you from negative energy.
 s - the +0 pair of fencer's gloves (worn) {Riposte Dex+3}
   (You bought it in a shop on level 2 of the Vaults)

   It affects your dexterity (+3).
 y - the +0 cloak of the Sailor (worn) {rElec rF+ MR+ rCorr}
   (You bought it in a shop on level 13 of the Dungeon)

   It protects you from fire.
   It insulates you from electricity.
   It affects your resistance to hostile enchantments.
   It provides partial protection from all sources of acid and corrosion.
 N - a +2 pair of boots of running (worn)
 T - the +0 mask of the Dragon {MR+ Slay+3 SInv}
   (You found it on level 2 of the Depths)

   It affects your accuracy and damage with ranged weapons and melee attacks
   (+3).
   It affects your resistance to hostile enchantments.
   It lets you see invisible.
 W - the -2 hat of the Alchemist (worn) {rElec rPois rF+ rC+ rN+ MR+ rMut rCorr}
   (You found it on level 3 of the Elven Halls)

   It protects you from fire.
   It protects you from cold.
   It insulates you from electricity.
   It protects you from poison.
   It protects you from negative energy.
   It affects your resistance to hostile enchantments.
   It provides partial protection from all sources of acid and corrosion.
   It protects you from mutation.
 Z - the +0 cloak "Xureokame" {rPois Regen+}
   (You found it in a Gauntlet)

   It protects you from poison.
   It increases your rate of regeneration.
Jewellery
 n - a +2 ring of slaying
 F - a +5 ring of protection (right hand)
 I - a +3 amulet of reflection
 L - the ring "Letsef" {rElec rC+ Str+3 Int+5}
   (You found it on level 4 of the Shoals)

   [ring of intelligence]

   It affects your strength (+3).
   It affects your intelligence (+5).
   It protects you from cold.
   It insulates you from electricity.
 Q - the ring "Afater" (left hand) {rElec rF+ rN+ MR+ Stlth-}
   (You found it on level 2 of the Depths)

   [ring of protection from fire]

   It protects you from fire.
   It insulates you from electricity.
   It protects you from negative energy.
   It affects your resistance to hostile enchantments.
   It makes you less stealthy.
 V - the amulet "Puepul" (around neck) {+Fly rElec Regen+}
   (You found it on level 10 of the Dungeon)

   [amulet of regeneration]

   It insulates you from electricity.
   It lets you fly.
   It increases your rate of regeneration.
Wands
 D - a wand of digging (23)
Scrolls
 b - 2 scrolls of acquirement
 g - 4 scrolls of fog
 i - a scroll of silence
 k - 9 scrolls of fear
 o - 22 scrolls of teleportation
 r - a scroll of brand weapon
 u - 11 scrolls of blinking
 B - 15 scrolls of enchant weapon
 C - 11 scrolls of enchant armour
 M - a scroll of magic mapping
 O - 6 scrolls of torment
 P - a scroll of summoning
 U - 24 scrolls of remove curse
Potions
 a - a potion of invisibility
 d - 4 potions of might
 h - 7 potions of flight
 j - 2 potions of experience
 l - 2 potions of haste
 q - 5 potions of berserk rage
 t - 8 potions of lignification
 v - 13 potions of curing
 x - 3 potions of ambrosia
 G - a potion of heal wounds
 H - a potion of cancellation
 K - 4 potions of resistance
 X - 2 potions of agility
Comestibles
 f - 79 rations


   Skills:
 O Level 27 Fighting
 - Level 14.0 Long Blades
 - Level 14.1 Maces & Flails
 O Level 27 Armour
 - Level 22.7 Dodging
 - Level 26.3 Shields
 * Level 5.3 Invocations


You had 26 spell levels left.
You didn't know any spells.
Your spell library contained the following spells:

 Spells                   Type           Power        Failure   Level  Hunger
 Animate Skeleton         Necr           N/A          83%         1    ##.....
 Apportation              Tloc           #.....       83%         1    ##.....
 Confusing Touch          Hex            #.....       83%         1    ##.....
 Corona                   Hex            #......      83%         1    ##.....
 Flame Tongue             Conj/Fire      #....        83%         1    ##.....
 Freeze                   Ice            #...         83%         1    ##.....
 Infusion                 Chrm           #...         83%         1    ##.....
 Magic Dart               Conj           #...         83%         1    ##.....
 Pain                     Necr           #...         83%         1    ##.....
 Sandblast                Erth           #.....       83%         1    ##.....
 Sting                    Conj/Pois      #...         83%         1    ##.....
 Summon Butterflies       Summ           #.......     83%         1    ##.....
 Summon Small Mammal      Summ           #...         83%         1    ##.....
 Call Imp                 Summ           #.......     92%         2    ###....
 Ensorcelled Hibernation  Hex/Ice        #.....       92%         2    ###....
 Passwall                 Tmut/Erth      #.......     92%         2    ###....
 Poisonous Vapours        Pois/Air       #.....       92%         2    ###....
 Searing Ray              Conj           #.....       92%         2    ###....
 Shroud of Golubria       Chrm/Tloc      #.....       92%         2    ###....
 Slow                     Hex            #.......     92%         2    ###....
 Song of Slaying          Chrm           #.......     92%         2    ###....
 Swiftness                Chrm/Air       #.......     92%         2    ###....
 Throw Flame              Conj/Fire      #.....       92%         2    ###....
 Throw Frost              Conj/Ice       #.....       92%         2    ###....
 Call Canine Familiar     Summ           #.......     99%         3    ####...
 Confuse                  Hex            #.......     99%         3    ####...
 Conjure Flame            Conj/Fire      #.......     99%         3    ####...
 Dazzling Spray           Conj/Hex       #.....       99%         3    ####...
 Gell's Gravitas          Tloc           #.........   99%         3    ####...
 Ignite Poison            Fire/Tmut/Pois #.......     99%         3    ####...
 Inner Flame              Hex/Fire       #.......     99%         3    ####...
 Lesser Beckoning         Tloc           #.........   99%         3    ####...
 Mephitic Cloud           Conj/Pois/Air  #.......     99%         3    ####...
 Ozocubu's Armour         Chrm/Ice       #.......     99%         3    ####...
 Portal Projectile        Hex/Tloc       #.....       99%         3    ####...
 Recall                   Summ/Tloc      N/A          99%         3    ####...
 Regeneration             Chrm/Necr      #.........   99%         3    ####...
 Spectral Weapon          Hex/Chrm       #.......     99%         3    ####...
 Stone Arrow              Conj/Erth      #.....       99%         3    ####...
 Summon Guardian Golem    Hex/Summ       #.......     99%         3    ####...
 Tukima's Dance           Hex            #.......     99%         3    ####...
 Vampiric Draining        Necr           #.........   99%         3    ####...
 Animate Dead             Necr           N/A          100%        4    #####..
 Cause Fear               Hex            #.........   100%        4    #####..
 Force Lance              Conj/Tloc      #.......     100%        4    #####..
 Fulminant Prism          Conj/Hex       #.........   100%        4    #####..
 Iskenderun's Mystic Bla  Conj           #.......     100%        4    #####..
 Leda's Liquefaction      Hex/Erth       #.........   100%        4    #####..
 Olgreb's Toxic Radiance  Pois           #.......     100%        4    #####..
 Petrify                  Tmut/Erth      #.......     100%        4    #####..
 Sticky Flame             Conj/Fire      #.......     100%        4    #####..
 Summon Ice Beast         Ice/Summ       #.......     100%        4    #####..
 Summon Lightning Spire   Summ/Air       #.......     100%        4    #####..
 Throw Icicle             Conj/Ice       #.......     100%        4    #####..
 Alistair's Intoxication  Tmut/Pois      #.......     100%        5    ######.
 Borgnjor's Vile Clutch   Necr/Erth      #.........   100%        5    ######.
 Fireball                 Conj/Fire      #.........   100%        5    ######.
 Lee's Rapid Deconstruct  Erth           #.........   100%        5    ######.
 Metabolic Englaciation   Hex/Ice        #.........   100%        5    ######.
 Silence                  Hex/Air        #.........   100%        5    ######.
 Summon Demon             Summ           #.........   100%        5    ######.
 Venom Bolt               Conj/Pois      #.........   100%        5    ######.
 Yara's Violent Unravell  Hex/Tmut       #.........   100%        5    ######.
 Bolt of Fire             Conj/Fire      #.........   100%        6    #######
 Darkness                 Hex            #.........   100%        6    #######
 Death Channel            Necr           #.........   100%        6    #######
 Deflect Missiles         Chrm/Air       #.........   100%        6    #######
 Dispersal                Tloc           #.........   100%        6    #######
 Freezing Cloud           Conj/Ice/Air   #.........   100%        6    #######
 Invisibility             Hex            #.......     100%        6    #######
 Simulacrum               Ice/Necr       #.........   100%        6    #######
 Malign Gateway           Summ/Tloc      #.........   100%        7    #######
 Ring of Flames           Chrm/Fire      #.........   100%        7    #######
 Controlled Blink         Tloc           N/A          100%        8    #######
 Discord                  Hex            #.........   100%        8    #######
 Disjunction              Tloc           #.........   100%        8    #######
 Ignition                 Fire           #.........   100%        8    #######


Dungeon Overview and Level Annotations

Branches:
Dungeon (15/15)            Temple (1/1) D:7            Lair (6/6) D:10
 Shoals (4/4) Lair:4        Snake (4/4) Lair:3        Slime (1/5) Lair:6
    Orc (2/2) D:12            Elf (3/3) Orc:2        Vaults (5/5) D:14
  Crypt (0/3) Vaults:2     Depths (5/5) D:15            Zot (5/5) Depths:5
  IceCv (visited)         Gauntlet (visited)

Altars:
Ashenzari
Cheibriados
Dithmenos
Elyvilon
Fedhas
Gozag
Hepliaklqana
Kikubaaqudgha
Makhleb
Nemelex Xobeh
Okawaru
Qazlal
Ru
Sif Muna
Trog
Uskayaw
Vehumet
Wu Jian
Xom
Yredelemnul
Zin
The Shining One
Beogh

Shops:
D:9 *   D:13 [   D:14 *   Orc:2 [(!(   Elf:1 [   Shoals:1 ?   Shoals:4 [
Snake:2 =   Snake:3 =}}   Vaults:1 (   Vaults:2 **[:   Depths:1 *

Portals:
Hell: Depths:1 Depths:2 Depths:3 Depths:4 Depths:5
Abyss: Depths:4
Pandemonium: Depths:2 Depths:3 Depths:4
Ziggurat: Depths:2
Trove: D:13 (give +5 fire dragon scales)

Annotations:
D:7 exclusion: oklob plant
Lair:5 exclusion: 2 oklob plants
Depths:2 exclusion: orange crystal statue
Zot:5 1 exclusion


Innate Abilities, Weirdness & Mutations

You reflexively headbutt those who attack you in melee.
You have a pair of horns on your head.
You are partially covered in iridescent scales. (AC +2)
You are clumsy. (Dex -2)
Your flesh is cold resistant. (rC+)
Armour fits poorly on your strangely shaped body.
Your magical capacity is low. (-10% MP)
You are somewhat resistant to further mutation.
You passively map a small area around you.
You occasionally shout uncontrollably at your foes.
You are very weak. (Str -4)


Message History

Okawaru accepts your kill.
You feel very buoyant.
You fly up into the air.
(D) Dungeon (T) Temple (L) Lair (A) Shoals (P) Snake Pit (M) Slime Pits (O) Orcish Mines (E) Elven Halls (V) Vaults (C) Crypt (U) Depths (H) Hell (Z) Zot
Where to? (Enter - D:1 @ (x,y), ? - help)
What level of the Dungeon? (default 1, ? - help)
You see here a ring mail.
You are starting to lose your buoyancy.
There is a stone staircase leading up here.
You fly upwards.
There is a stone staircase leading down here.
You float gracefully downwards.
You enter the shallow water.
Moving in this stuff is going to be slow.
There is a staircase leading out of the dungeon here.
You can't go down here!
You have escaped!

#.##...>..+.....................#
#.##.##.###...##......######.#..#
#.##.............)...............
#...................########.)...
###################.############.
######...# #...........##.
.........# ###############.##.
######.#### #.........≈P≈##.###
.....#....### #.@.###.##P≈≈##....
##..........###...# #.##PPP##....
#..........+.#.### #P≈P##.##....
#..........#.#.# #PP≈##.##...)
###.######...#.#####≈P≈...#.....
#.# #.###...P≈≈#####.#..... #.#
#.# #.##P≈P# #.#..... #.# #.#
#.##PP≈# ###.#.###. ####.######.#
#≈≈P##.# #...#.# #.


There were no monsters in sight!

Vanquished Creatures
  5 orbs of fire
  Mara (Snake:3)
  2 ancient liches
  A greater mummy (Depths:3)
  6 Killer Klowns
  The ghost of Bailed the Peltast, a veteran MiMo of Qazlal (Vaults:2)
  Bai Suzhen (Snake:3)
  A curse toe (Zot:3)
  Saint Roka (Vaults:2)
  5 caustic shrikes
  6 golden dragons
  A profane servitor (Zot:5)
  Jory (Depths:3)
  4 electric golems
  14 tentacled monstrosities
  Rupert (D:14)
  A deep elf blademaster (Elf:3)
  9 titans
  26 Orb Guardians
  2 acid blobs (Lair:6)
  The ghost of Aelig the Devastator, an adept KoCj of Vehumet (Shoals:4)
  7 quicksilver dragons
  6 sphinxes
  Agnes (D:14)
  7 death cobs
  Frances (Elf:1)
  8 draconian monks
  4 tengu reavers
  Kirke (Elf:1)
  Ilsuiw (Shoals:2)
  6 shadow dragons
  Donald (Shoals:2)
  5 nagarajas
  5 storm dragons
  2 azure jellies
  5 draconian knights
  12 deep elf sorcerers
  A fire giant (Depths:4)
  16 vault wardens
  7 frost giants
  Aizul (Snake:1)
  An iron dragon (Depths:4)
  5 draconian scorchers
  A ghoul (Vaults:2)
  4 ghost moths
  The ghost of p0werm0de the Champion of Chaos, a journeyman DDFi of Makhleb (Snake:3)
  2 caustic shrike zombies (Depths:3)
  3 draconian shifters
  30 very ugly things
  Louise (Shoals:2)
  14 stone giants
  2 draconian annihilators
  4 draconian stormcallers
  5 deep elf elementalists
  17 ironheart preservers
  7 war gargoyles
  9 green draconians
  11 deep elf annihilators
  2 black draconians
  5 vampire knights
  9 deep elf demonologists
  7 yellow draconians
  Nessos (D:14)
  13 purple draconians
  9 red draconians
  2 dire elephants (shapeshifter) (Depths:2)
  8 ettins
  11 white draconians
  A minotaur (Gauntlet)
  2 spark wasps (Depths:1)
  12 deep elf death magi
  A blizzard demon (Depths:2)
  10 merfolk impalers
  A ragged hierophant (Vaults:2)
  5 merfolk javelineers
  9 great orbs of eyes
  Erolcha (D:13)
  15 crystal guardians
  12 ice dragons
  15 ogre magi
  A spectral kraken (Shoals:4)
  7 yaktaur captains
  5 fire dragons
  11 deep elf high priests
  A quicksilver dragon zombie (Depths:4)
  3 rakshasas
  Fannar (D:12)
  7 hydras
  32 vault guards
  A monstrous demonspawn (Depths:3)
  8 spriggan air magi
  10 naga warriors
  A hydra (shapeshifter) (Depths:2)
  2 catoblepae
  5 centaur warriors
  4 merfolk avatars
  17 anacondas
  38 two-headed ogres
  16 death yaks
  47 dancing weapons
  9 merfolk aquamancers
  An alligator snapping turtle (Shoals:4)
  A two-headed ogre (shapeshifter) (Depths:2)
  A satyr (Shoals:3)
  5 tengu warriors
  A satyr (shapeshifter) (Depths:2)
  5 naga sharpshooters
  13 deep troll shamans
  A sun demon (Depths:4)
  11 deep troll earth magi
  An orc high priest (Orc:2)
  13 shock serpents
  Sonja (Orc:1)
  A spriggan berserker (Depths:4)
  Nergalle (Orc:1)
  A soul eater (D:2)
  18 deep elf knights
  3 spriggans (Depths:4)
  7 hell knights (Depths:5)
  An iron troll (shapeshifter) (Depths:2)
  3 shadow wraiths
  A small abomination (Elf:3)
  A sixfirhy (Depths:3)
  2 unseen horrors (shapeshifter) (Depths:2)
  3 skeletal warriors (D:13)
  3 golden dragon zombies (Depths:3)
  7 salamander mystics
  A death drake (shapeshifter) (Depths:2)
  An iron troll (Depths:1)
  An orange crystal statue (Depths:3)
  4 unseen horrors
  3 flayed ghosts
  5 wizards
  A kraken simulacrum (Shoals:4)
  28 deep trolls
  2 shadow demons
  15 sea snakes
  A sea snake (shapeshifter) (Depths:2)
  5 lindwurms
  19 harpies
  A phantasmal warrior (Vaults:2)
  7 naga ritualists
  12 ironbrand convokers
  8 necromancers
  8 deep elf archers
  A sphinx zombie (Depths:3)
  Pikel (D:7)
  A wolf spider zombie (D:15)
  4 glowing orange brains
  3 obsidian statues (Depths:2)
  A shining eye (shapeshifter) (Depths:5)
  13 orc knights
  A large abomination (Elf:3)
  17 mana vipers
  2 orb spiders (shapeshifter)
  3 wolf spiders
  29 moths of wrath
  7 orc sorcerers
  2 fire giant zombies (Depths:3)
  A salamander (shapeshifter) (Vaults:1)
  8 cyclopes
  13 fauns
  75 deep elf magi
  2 shining eyes (Slime:1)
  44 ugly things
  An elephant (shapeshifter) (Depths:2)
  A manticore (shapeshifter) (Depths:4)
  18 elephants
  14 salamanders
  8 manticores
  5 merfolk sirens
  6 water nymphs
  2 torpor snails
  A rust devil (Depths:4)
  A guardian serpent (shapeshifter) (D:15)
  Joseph (D:7)
  2 centaur zombies (D:15)
  35 black mambas
  3 ice statues (IceCv)
  A smoke demon (Depths:3)
  An eye of devastation (shapeshifter) (Vaults:5)
  An orange demon (Depths:4)
  2 black mambas (shapeshifter)
  7 spiny frogs
  2 molten gargoyles (Depths:2)
  5 guardian serpents
  12 naga magi
  A storm dragon simulacrum (Vaults:3)
  4 gargoyles
  14 vault sentinels
  A yaktaur zombie (Vaults:3)
  An elf skeleton (Vaults:3)
  A komodo dragon (shapeshifter) (Depths:1)
  An efreet (D:12)
  A hellwing (Depths:4)
  8 ice devils
  A kobold demonologist (D:11)
  8 komodo dragons
  6 rime drakes
  36 yaktaurs
  A yaktaur (shapeshifter) (Depths:5)
  An entropy weaver simulacrum (Vaults:3)
  3 guardian mummies (Depths:3)
  A freezing wraith (Vaults:3)
  4 tengu conjurers
  42 merfolk
  A queen bee (shapeshifter) (Vaults:2)
  2 polar bears
  A red devil (Depths:4)
  A queen bee (D:10)
  3 trolls (shapeshifter)
  9 wind drakes
  2 jumping spiders (shapeshifter)
  A sphinx simulacrum (Depths:4)
  A harpy zombie (D:15)
  A tyrant leech (shapeshifter) (Depths:2)
  8 snapping turtles
  14 blink frogs
  2 saltlings (Vaults:2)
  8 hornets
  A slime creature (shapeshifter) (Vaults:5)
  11 trolls
  19 dream sheep
  A meliai zombie (D:15)
  22 slime creatures
  A dream sheep (shapeshifter) (Vaults:1)
  12 hippogriffs
  An ettin zombie (Vaults:3)
  10 air elementals
  A human simulacrum (Vaults:2)
  3 elf zombies
  A vampire (D:13)
  2 spriggans (shapeshifter)
  2 wraiths
  55 yaks
  16 water elementals
  3 shadows
  4 wyverns
  4 basilisks
  10 vampire mosquitoes
  10 fire elementals
  A hog (Elf:1)
  2 humans (D:12)
  A steam dragon (D:12)
  2 yaktaur simulacra
  2 wargs (shapeshifter)
  28 wargs
  24 nagas
  Edmund (D:5)
  17 water moccasins
  A floating eye (shapeshifter) (Depths:2)
  An acid dragon (shapeshifter) (Depths:2)
  3 acid dragons
  10 porcupines
  A hell hound (Depths:2)
  A swamp drake (D:12)
  An ogre skeleton (Vaults:1)
  3 black bears
  A floating eye (Depths:4)
  35 orc warriors
  A swamp drake (shapeshifter) (Vaults:4)
  4 ice beasts
  An ice dragon simulacrum (Vaults:1)
  An eye of draining (Slime:1)
  A slave (D:7)
  A phantom (D:14)
  A sky beast (D:12)
  An ettin simulacrum (Vaults:3)
  A necrophage (D:9)
  8 boggarts
  18 wolves
  A wolf (shapeshifter) (Vaults:5)
  52 ogres
  30 centaurs
  An orc skeleton (Vaults:1)
  14 crocodiles
  A human skeleton (Vaults:1)
  7 big kobolds
  An elf simulacrum (Depths:4)
  25 bullfrogs
  10 earth elementals
  A wyvern skeleton (D:10)
  A water moccasin zombie (D:11)
  A scorpion (D:11)
  A killer bee (shapeshifter) (Vaults:5)
  47 killer bees
  11 wights
  4 howler monkeys
  7 crimson imps
  3 bullfrog zombies
  4 draconian simulacra (IceCv)
  3 centaur skeletons
  2 hounds
  5 jellies
  2 quasits
  Crazy Yiuf (D:7)
  23 orc priests
  2 bullfrog skeletons
  8 iguanas
  An iron imp (Depths:4)
  Ijyb (D:5)
  17 orc wizards
  8 worker ants
  A spriggan simulacrum (IceCv)
  A killer bee zombie (D:10)
  2 centaur simulacra (IceCv)
  A hound skeleton (D:9)
  5 mummies (Depths:3)
  A howler monkey zombie (D:6)
  3 worker ant zombies
  11 adders
  4 gnolls (D:7)
  2 naga simulacra (IceCv)
  An ogre simulacrum (IceCv)
  10 shadow imps
  3 white imps (Depths:4)
  An ufetubus (Depths:4)
  An adder skeleton (D:9)
  2 worms
  4 dart slugs (D:1)
  4 leopard geckos
  133 orcs
  A ball python (D:2)
  10 bats
  9 giant cockroaches
  6 hobgoblins
  8 jackals
  27 kobolds
  5 quokkas
  A frilled lizard (D:3)
  10 goblins
  8 rats
  A crawling corpse (Vaults:3)
  8 fungi
  42 plants
  2 tentacles (Shoals:4)
2440 creatures vanquished.

Vanquished Creatures (others)
  A deep elf master archer (Elf:3)
  A fire giant (Depths:4)
  2 stone giants
  4 yaktaur captains
  2 centaur warriors
  2 satyrs (Shoals:4)
  2 naga sharpshooters
  A deep elf knight (Elf:1)
  A deep troll (Depths:1)
  2 deep elf archers (Elf:1)
  A harpy (Shoals:4)
  A tengu conjurer (Depths:1)
  4 yaktaurs (Vaults:4)
  2 merfolk
  A hornet (Vaults:5)
  A water elemental (Depths:2)
  3 slaves (D:7)
  3 centaurs
  11 ball lightnings
  A crawling corpse (Vaults:3)
  4 demonic plants (Gauntlet)
  5 fungi (Lair:6)
  84 plants
  6 tentacles (Shoals:4)
145 creatures vanquished.

Grand Total: 2585 creatures vanquished

Notes
Turn   | Place    | Note
-------+----------+-------------------------------------------
     0 | D:1      | Zeeb the Minotaur Fighter began the quest for the Orb.
     0 | D:1      | Reached XP level 1. HP: 19/19 MP: 0/0
   164 | D:1      | Reached XP level 2. HP: 20/26 MP: 1/1
   641 | D:1      | Reached XP level 3. HP: 31/31 MP: 2/2
   905 | D:2      | Reached skill level 1 in Dodging
   961 | D:2      | Reached XP level 4. HP: 39/39 MP: 3/3
  1032 | D:2      | Found an opulent altar of Gozag.
  1129 | D:2      | Found a glowing golden altar of the Shining One.
  1163 | D:2      | Found a bloodstained altar of Trog.
  1602 | D:2      | Reached XP level 5. HP: 38/45 MP: 4/4
  1926 | D:3      | Reached skill level 5 in Dodging
  2284 | D:3      | Found a shattered altar of Ashenzari.
  2492 | D:4      | Reached XP level 6. HP: 51/51 MP: 5/5
  2990 | D:5      | Entered Level 5 of the Dungeon
  3181 | D:5      | Found an ancient bone altar of Kikubaaqudgha.
  3192 | D:5      | Noticed Edmund
  3209 | D:5      | Killed Edmund
  3317 | D:5      | Reached skill level 5 in Maces & Flails
  3322 | D:5      | Reached XP level 7. HP: 51/60 MP: 6/6
  3351 | D:5      | Found a shadowy altar of Dithmenos.
  3351 | D:5      | Found a shimmering blue altar of Sif Muna.
  3352 | D:5      | Found a shimmering altar of Xom.
  3352 | D:5      | Noticed Ijyb
  3363 | D:5      | Killed Ijyb
  4203 | D:6      | Reached skill level 5 in Fighting
  4203 | D:6      | Reached skill level 5 in Armour
  4352 | D:6      | Reached XP level 8. HP: 68/68 MP: 7/7
  4451 | D:6      | Reached skill level 5 in Shields
  4721 | D:7      | Noticed Pikel
  4723 | D:7      | Noticed a slime creature
  4738 | D:7      | Noticed a manticore
  4746 | D:7      | Killed Pikel
  4751 | D:7      | Killed a slime creature
  4751 | D:7      | Reached XP level 9. HP: 41/78 MP: 8/8
  4756 | D:7      | Killed a manticore
  4802 | D:7      | Got a sparkling jade ring
  4828 | D:7      | Identified the ring "Woged" {+Fly rPois Int+2 Stlth+} (You
                  | found it on level 7 of the Dungeon)
  5087 | D:7      | Got a bone mace
  5088 | D:7      | Identified the +6 mace of a volcano {speed, Str+5 Int+5}
                  | (You found it on level 7 of the Dungeon)
  5314 | D:7      | Noticed Joseph
  5335 | D:7      | Killed Joseph
  5335 | D:7      | Reached skill level 10 in Maces & Flails
  5378 | D:7      | Found a blossoming altar of Fedhas.
  5551 | D:7      | Noticed an oklob plant
  5758 | D:7      | Found a runed translucent door.
  5759 | D:7      | Noticed Crazy Yiuf
  5764 | D:7      | Killed Crazy Yiuf
  5917 | D:7      | Found a staircase to the Ecumenical Temple.
  5923 | Temple   | Entered the Ecumenical Temple
  5932 | Temple   | Became a worshipper of Warmaster Okawaru
  6274 | D:8      | Noticed a two-headed ogre
  6287 | D:8      | Killed a two-headed ogre
  6287 | D:8      | Reached * piety under Okawaru
  6287 | D:8      | Reached XP level 10. HP: 34/88 MP: 9/9
  6611 | D:8      | Reached ** piety under Okawaru
  6763 | D:8      | Found a white marble altar of Elyvilon.
  7425 | D:9      | Found Zaherph's General Store.
  8217 | D:10     | Entered Level 10 of the Dungeon
  8338 | D:10     | Noticed an elephant
  8363 | D:10     | Killed an elephant
  8363 | D:10     | Reached *** piety under Okawaru
  8389 | D:10     | Found a staircase to the Lair.
  8472 | D:10     | Killed an unseen horror
  8507 | D:10     | Reached **** piety under Okawaru
  8881 | D:10     | Reached XP level 11. HP: 89/95 MP: 10/10
  9161 | D:10     | Got a fine platinum amulet
  9165 | D:10     | Noticed a two-headed ogre
  9172 | D:10     | Killed a two-headed ogre
  9172 | D:10     | Reached ***** piety under Okawaru
  9486 | D:10     | Received a gift from Okawaru
  9614 | D:10     | Noticed a three-headed hydra
  9622 | D:10     | Killed a three-headed hydra
  9842 | D:11     | Noticed a brown ugly thing
  9860 | D:11     | Killed a brown ugly thing
  9932 | Lair:1   | Entered Level 1 of the Lair of Beasts
 10083 | Lair:1   | Reached skill level 10 in Shields
 10310 | Lair:1   | Noticed a seven-headed hydra
 10319 | Lair:1   | Killed a seven-headed hydra
 10411 | Lair:1   | Reached skill level 10 in Armour
 10418 | Lair:1   | Reached XP level 12. HP: 75/106 MP: 11/11
 10483 | Lair:1   | Reached ****** piety under Okawaru
 10485 | Lair:1   | Reached skill level 10 in Fighting
 10826 | Lair:1   | Noticed a four-headed hydra
 10837 | Lair:1   | Killed a four-headed hydra
 11042 | Lair:2   | Identified the amulet "Puepul" {+Fly rElec Regen+} (You
                  | found it on level 10 of the Dungeon)
 11207 | Lair:2   | Received a gift from Okawaru
 12181 | Lair:3   | Reached skill level 1 in Invocations
 12234 | Lair:3   | Found a staircase to the Snake Pit.
 12851 | Lair:4   | Noticed a catoblepas
 12884 | Lair:4   | Killed a catoblepas
 12884 | Lair:4   | Reached XP level 13. HP: 112/116 MP: 13/13
 13074 | Lair:4   | Received a gift from Okawaru
 13229 | Lair:4   | Found a staircase to the Shoals.
 13477 | Lair:4   | You fall into a shaft and drop 1 floor!
 13618 | Lair:5   | Got a smoking scale mail
 13919 | Lair:5   | Found a frozen archway.
 13935 | IceCv    | Entered an ice cave
 13950 | IceCv    | Identified the cursed +1 scale mail "Ympipt" {rC+ Int+3}
                  | (You found it on level 5 of the Lair of Beasts)
 14219 | IceCv    | Got a transparent scimitar
 14226 | IceCv    | Identified the cursed +1 scimitar of Qedadamu {vamp, Int+7}
                  | (You found it in an ice cave)
 15154 | Lair:6   | Entered Level 6 of the Lair of Beasts
 15173 | Lair:5   | Received a gift from Okawaru
 15308 | Lair:6   | Found a gate leading to a gauntlet.
 15318 | Gauntlet | Entered a Gauntlet
 15318 | Gauntlet | Found a transporter.
 15323 | Gauntlet | Found a transporter.
 15323 | Gauntlet | Found a transporter.
 15338 | Gauntlet | Found a transporter.
 15340 | Gauntlet | Found a transporter.
 15353 | Gauntlet | Found a transporter.
 15357 | Gauntlet | Noticed a blizzard demon
 15366 | Gauntlet | Found a transporter.
 15376 | Gauntlet | Found a transporter.
 15395 | Gauntlet | Found a transporter.
 15413 | Gauntlet | Found a transporter.
 15419 | Gauntlet | Found a transporter.
 15425 | Gauntlet | Found a transporter.
 15566 | Gauntlet | Got a steaming jade amulet
 15569 | Gauntlet | Identified the amulet "Xyescheuc" {Faith MP+9 Int+4 Dex+4}
                  | (You found it in a Gauntlet)
 15626 | Gauntlet | Found a transporter.
 15698 | Gauntlet | Reached skill level 15 in Shields
 15698 | Gauntlet | Reached XP level 14. HP: 72/127 MP: 16/16
 15761 | Gauntlet | Found a transporter.
 15770 | Gauntlet | Got a jewelled cloak
 16083 | Gauntlet | Identified the cursed +0 cloak "Xureokame" {rPois Regen+}
                  | (You found it in a Gauntlet)
 16127 | Gauntlet | Identified the +7 ring mail "Wireimp" {+Fly MR+ Dex-2}
 16452 | Lair:6   | Reached skill level 10 in Dodging
 16531 | Lair:6   | Found a staircase to the Slime Pits.
 16694 | Lair:6   | Received a gift from Okawaru
 16695 | Lair:6   | Found the +15 Maxwell's patent armour {-Cast -Tele rElec
                  | MR+ rCorr}
 17005 | Lair:6   | Reached skill level 15 in Fighting
 18706 | D:12     | Found an iron altar of Okawaru.
 19185 | D:12     | Received a gift from Okawaru
 19239 | D:12     | Identified a +2 pair of boots of running (Okawaru gifted it
                  | to you on level 12 of the Dungeon)
 19476 | D:12     | Noticed Fannar
 19502 | D:12     | Killed Fannar
 19502 | D:12     | Reached XP level 15. HP: 136/143 MP: 17/17
 19652 | D:12     | Identified 2 scrolls of acquirement
 19941 | D:12     | Found a staircase to the Orcish Mines.
 20032 | Orc:1    | Entered Level 1 of the Orcish Mines
 20032 | Orc:1    | Noticed Sonja
 20078 | Orc:1    | Killed Sonja
 20217 | Orc:1    | Noticed Nergalle
 20262 | Orc:1    | Killed Nergalle
 20281 | Orc:1    | Found a shimmering altar of Xom.
 20333 | Orc:1    | Found a roughly hewn altar of Beogh.
 20602 | Orc:2    | Entered Level 2 of the Orcish Mines
 20602 | Orc:2    | Found a staircase to the Elven Halls.
 20972 | Orc:2    | Received a gift from Okawaru
 21272 | Orc:2    | Reached skill level 15 in Armour
 21282 | Orc:2    | Received a gift from Okawaru
 21418 | Orc:2    | Found Awashiem's Distillery.
 21418 | Orc:2    | Found Odegituf's Armour Shop.
 21419 | Orc:2    | Found Jass's Weapon Boutique.
 21419 | Orc:2    | Found Koafotiu's Weapon Shoppe.
 21780 | D:13     | Upgraded the game from 0.24.0-28-g17ded55e90 to
                  | 0.24.0-29-g8ce449bc06
 21940 | D:13     | Noticed Erolcha
 22003 | D:13     | Killed Erolcha
 22092 | D:13     | Found Tejokan's Antique Armour Shop.
 22101 | D:13     | Bought a jewelled cloak for 266 gold pieces
 22111 | D:13     | Identified the +0 cloak of the Sailor {rElec rF+ MR+ rCorr}
                  | (You bought it in a shop on level 13 of the Dungeon)
 22289 | D:13     | Found a portal to a secret trove of treasure.
 22788 | D:14     | Found Kyczen's Assorted Antiques.
 22955 | D:14     | Noticed Rupert
 22973 | D:14     | Killed Rupert
 23023 | D:14     | Bought a scroll of identify for 70 gold pieces
 23246 | D:14     | Received a gift from Okawaru
 23309 | D:14     | Reached skill level 1 in Long Blades
 23367 | D:14     | Reached XP level 16. HP: 157/157 MP: 18/18
 23456 | D:14     | Noticed Nessos
 23485 | D:14     | Killed Nessos
 23513 | D:14     | Noticed Agnes
 23703 | D:14     | Killed Agnes
 23703 | D:14     | Reached skill level 5 in Long Blades
 23798 | D:14     | Found a gate to the Vaults.
 24301 | D:15     | Entered Level 15 of the Dungeon
 24307 | D:15     | Received a gift from Okawaru
 24523 | D:15     | Received a gift from Okawaru
 24574 | D:15     | Got a spiked plate armour
 24588 | D:15     | Identified the +1 plate armour of Zeaxomud {*Slow MR- SInv
                  | Stlth+} (You found it on level 15 of the Dungeon)
 24745 | D:15     | Reached skill level 10 in Long Blades
 24751 | D:15     | Found a staircase to the Depths.
 25294 | Snake:1  | Entered Level 1 of the Snake Pit
 25672 | Snake:1  | Noticed Aizul
 25706 | Snake:1  | Killed Aizul
 25978 | Snake:2  | Received a gift from Okawaru
 26241 | Snake:2  | Identified the amulet "Feish" {Faith Int+5}
 26728 | Snake:2  | Found Ubratt's Jewellery Emporium.
 27022 | Snake:3  | Found a runed translucent door.
 27054 | Snake:3  | Noticed p0werm0de's ghost (journeyman DDFi)
 27096 | Snake:3  | Killed p0werm0de's ghost
 27096 | Snake:3  | Reached XP level 17. HP: 138/163 MP: 19/19
 27499 | Snake:3  | Noticed Bai Suzhen
 27525 | Snake:3  | Killed Bai Suzhen
 27561 | Snake:3  | Received a gift from Okawaru
 27842 | Snake:3  | Found Qoin's Jewellery Emporium.
 27842 | Snake:3  | Found Weph's Gadget Boutique.
 27843 | Snake:3  | Found Zal Rioss's Gadget Boutique.
 27858 | Snake:3  | Bought a +2 ring of slaying for 378 gold pieces
 27917 | Snake:3  | Noticed Mara
 27942 | Snake:3  | Killed Mara
 28066 | Snake:4  | Entered Level 4 of the Snake Pit
 28141 | Snake:4  | Found a bloodstained altar of Trog.
 29061 | Snake:4  | Received a gift from Okawaru
 29368 | Snake:4  | Reached XP level 18. HP: 85/171 MP: 10/20
 29561 | Snake:4  | Got a serpentine rune of Zot
 29791 | Shoals:1 | Entered Level 1 of the Shoals
 29855 | Shoals:1 | Found Ukhlut's Magic Scroll Emporium.
 30003 | Shoals:1 | Received a gift from Okawaru
 30526 | Shoals:2 | Noticed Donald
 30548 | Shoals:2 | Killed Donald
 30639 | Shoals:2 | Noticed Ilsuiw
 30679 | Shoals:2 | Killed Ilsuiw
 30955 | Shoals:2 | Noticed Louise
 30982 | Shoals:2 | Killed Louise
 32003 | Shoals:4 | Entered Level 4 of the Shoals
 32164 | Shoals:4 | Received a gift from Okawaru
 32609 | Slime:1  | Entered Level 1 of the Pits of Slime
 32759 | Lair:6   | Reached skill level 15 in Dodging
 32824 | Slime:1  | Gained mutation: Scrolls take you a little longer to read.
                  | [a shining eye]
 33119 | Slime:1  | Gained mutation: You occasionally shout uncontrollably at
                  | your foes. [a shining eye]
 33133 | Slime:1  | Gained mutation: You possess an exceptional clarity of
                  | mind. [a shining eye]
 33177 | Slime:1  | Gained mutation: You are weak. (Str -2) [a shining eye]
 33226 | Slime:1  | Gained mutation: You are very weak. (Str -4) [a shining
                  | eye]
 33491 | Lair:4   | Lost mutation: Scrolls take you a little longer to read.
                  | [potion of mutation]
 33491 | Lair:4   | Lost mutation: You possess an exceptional clarity of mind.
                  | [potion of mutation]
 33491 | Lair:4   | Gained mutation: Scrolls take you a little longer to read.
                  | [potion of mutation]
 33491 | Lair:4   | Gained mutation: You passively map a small area around you.
                  | [potion of mutation]
 33491 | Lair:4   | Gained mutation: You are resistant to hostile enchantments.
                  | (MR+) [potion of mutation]
 33554 | Lair:2   | Lost mutation: You are resistant to hostile enchantments.
                  | (MR+) [potion of mutation]
 33554 | Lair:2   | Gained mutation: You are clumsy. (Dex -2) [potion of
                  | mutation]
 33554 | Lair:2   | Gained mutation: Your flesh is cold resistant. (rC+)
                  | [potion of mutation]
 33555 | Lair:2   | Lost mutation: Scrolls take you a little longer to read.
                  | [potion of mutation]
 33555 | Lair:2   | Lost mutation: You are very weak. (Str -4) [potion of
                  | mutation]
 33555 | Lair:2   | Gained mutation: You are partially covered in iridescent
                  | scales. (AC +2) [potion of mutation]
 33555 | Lair:2   | Gained mutation: You are somewhat resistant to further
                  | mutation. [potion of mutation]
 34041 | Shoals:3 | Reached XP level 19. HP: 140/179 MP: 21/21
 34418 | Shoals:4 | Identified the Guide on Bewitching Talismans
 34776 | Shoals:4 | Got a barnacled rune of Zot
 34963 | Shoals:4 | Found Hetaogg's Armour Shoppe.
 34989 | Shoals:4 | Found a runed translucent gate.
 34990 | Shoals:4 | Found a runed translucent gate.
 34990 | Shoals:4 | Noticed Aelig's ghost (adept KoCj)
 35071 | Shoals:4 | Found a runed translucent gate.
 35152 | Shoals:4 | Killed Aelig's ghost
 35297 | Shoals:4 | Got a scintillating marble ring
 35338 | Shoals:4 | Identified the ring "Letsef" {rElec rC+ Str+3 Int+5} (You
                  | found it on level 4 of the Shoals)
 35768 | Vaults:1 | Entered Level 1 of the Vaults
 35887 | Vaults:1 | Received a gift from Okawaru
 35911 | Vaults:1 | Got a shimmering plate armour {god gift}
 35922 | Vaults:1 | Identified the +7 plate armour of the Trees {rElec}
                  | (Okawaru gifted it to you on level 1 of the Vaults)
 36449 | Vaults:1 | Found Aruqis's Weapon Shoppe.
 37411 | Vaults:2 | Found Uqomom's General Store.
 37609 | Vaults:2 | Noticed Saint Roka
 37636 | Vaults:2 | Killed Saint Roka
 37737 | Vaults:2 | Found a runed translucent door.
 37737 | Vaults:2 | Noticed Bailed's ghost (veteran MiMo)
 37771 | Vaults:2 | Received a gift from Okawaru
 37961 | Vaults:2 | Reached XP level 20. HP: 180/191 MP: 22/22
 38015 | Vaults:2 | Identified the +10 plate armour of the Circus Animal
                  | {+Blink}
 38145 | Vaults:2 | Found Cuvaesysk's Book Shoppe.
 38145 | Vaults:2 | Found Emowus's Armour Shoppe.
 38204 | Vaults:2 | Bought the +0 pair of fencer's gloves {Riposte Dex+3} for
                  | 840 gold pieces
 38204 | Vaults:2 | Found the +0 pair of fencer's gloves {Riposte Dex+3}
 38556 | Vaults:2 | Found Limunofo's General Store.
 38799 | Vaults:2 | Found a staircase to the Crypt.
 38973 | Vaults:2 | Killed Bailed's ghost
 38973 | Vaults:2 | Received a gift from Okawaru
 40332 | Vaults:3 | Received a gift from Okawaru
 40350 | Vaults:3 | Got a faintly glowing scimitar {god gift}
 40351 | Vaults:3 | Identified the +7 scimitar of Gallantry {speed, rF+ rC+
                  | Dex-2} (Okawaru gifted it to you on level 3 of the Vaults)
 40511 | Vaults:3 | You fall into a shaft and drop 1 floor!
 40541 | Vaults:4 | Identified the +13 chain mail of Makhleb's Whim {rC- MR+
                  | Stlth+}
 40738 | Vaults:4 | Identified a +2 pair of boots of running (You found it on
                  | level 4 of the Vaults)
 40745 | Vaults:4 | Got a steaming war axe
 40746 | Vaults:4 | Identified the +4 war axe of the Endless Expanse {venom,
                  | rPois rF+ Int+4} (You found it on level 4 of the Vaults)
 41322 | Vaults:4 | Reached XP level 21. HP: 102/205 MP: 23/23
 41658 | Vaults:4 | Received a gift from Okawaru
 42163 | Orc:2    | Upgraded the game from 0.24.0-29-g8ce449bc06 to
                  | 0.24.0-35-gdb84b6a5db
 42164 | Elf:1    | Entered Level 1 of the Elven Halls
 42417 | Elf:1    | Noticed Frances
 42425 | Elf:1    | Killed Frances
 42439 | Elf:1    | Got a translucent long sword
 42440 | Elf:1    | Identified the cursed +3 long sword of Indomitability
                  | {venom, rN+} (You found it on level 1 of the Elven Halls)
 42504 | Elf:1    | Found Riri's Antique Armour Emporium.
 42708 | Elf:1    | Noticed Kirke
 42716 | Elf:1    | Killed Kirke
 42716 | Elf:1    | Received a gift from Okawaru
 43576 | Elf:2    | Found a runed translucent gate.
 43576 | Elf:2    | Found a runed translucent gate.
 43577 | Elf:2    | Found a runed translucent gate.
 44081 | Elf:3    | Entered Level 3 of the Elven Halls
 44087 | Elf:3    | Received a gift from Okawaru
 44477 | Elf:3    | Identified the Disquisition on the Entourage
 45103 | Elf:3    | Received a gift from Okawaru
 45118 | Elf:3    | Reached XP level 22. HP: 142/221 MP: 24/24
 45133 | Elf:3    | Got an iridescent morningstar {god gift}
 45152 | Elf:3    | Identified the +9 morningstar "Giantbane" {crush, *Contam
                  | Dex+5 SInv} (Okawaru gifted it to you on level 3 of the
                  | Elven Halls)
 45523 | Elf:3    | Got a fine lapis lazuli ring
 45535 | Elf:3    | Identified the ring of Usick {rCorr Dex+3 Stlth+} (You
                  | found it on level 3 of the Elven Halls)
 45544 | Elf:3    | Received a gift from Okawaru
 45569 | Elf:3    | Identified the +8 rapier "Georupna" {venom, rF+++ MR-
                  | Str+5}
 45614 | Elf:3    | Identified the Tome of Good Luck and the Arsonist
 45649 | Elf:3    | Identified the +11 mace "Dated" {speed, Str+3}
 45708 | Elf:3    | Found the -2 hat of the Alchemist {rElec rPois rF+ rC+ rN+
                  | MR+ rMut rCorr}
 46192 | Depths:1 | Entered Level 1 of the Depths
 46434 | Depths:1 | Received a gift from Okawaru
 46444 | Depths:1 | Got a polished cloak {god gift}
 46445 | Depths:1 | Identified the +2 cloak of Poor Excuses {rN++ Str+2 Int+2
                  | Dex-5} (Okawaru gifted it to you on level 1 of the Depths)
 46764 | Depths:1 | Found a gateway to Hell.
 46814 | Depths:1 | Found Teecsig's Assorted Antiques.
 47237 | Depths:2 | You fall into a shaft and drop 1 floor!
 47237 | Depths:3 | Noticed Jory
 47256 | Depths:3 | Killed Jory
 47584 | Depths:3 | Noticed a greater mummy
 47621 | Depths:3 | Killed a greater mummy
 48240 | Depths:2 | Reached XP level 23. HP: 234/234 MP: 25/25
 48266 | Depths:2 | Received a gift from Okawaru
 48630 | Depths:2 | Noticed a shard shrike
 48631 | Depths:2 | Noticed a juggernaut
 48631 | Depths:2 | a shard shrike changed into a juggernaut
 48635 | Depths:2 | a juggernaut changed into a titan
 48642 | Depths:2 | Noticed a shard shrike
 48642 | Depths:2 | a titan changed into a shard shrike
 48646 | Depths:2 | a shard shrike changed into a titan
 48647 | Depths:2 | Noticed a shard shrike
 48647 | Depths:2 | a titan changed into a shard shrike
 48653 | Depths:2 | a shard shrike changed into a titan
 48749 | Depths:2 | Got a steaming bone ring
 48752 | Depths:2 | Identified the ring "Afater" {rElec rF+ rN+ MR+ Stlth-}
                  | (You found it on level 2 of the Depths)
 48788 | Depths:2 | Found the +0 mask of the Dragon {MR+ Slay+3 SInv}
 48912 | Depths:2 | Found a one-way gate leading to the halls of Pandemonium.
 48913 | Depths:2 | Found a gateway to a ziggurat.
 48925 | Depths:2 | Identified the Handbook of Enchantment and Enhancements
 48932 | Depths:2 | Got a pitted great sword
 48934 | Depths:2 | Identified the +4 great sword "Qyam Seu" {slice, Int+3}
                  | (You found it on level 2 of the Depths)
 50112 | Depths:3 | Received a gift from Okawaru
 51311 | Depths:4 | Reached skill level 27 in Fighting
 51561 | Depths:4 | Found a one-way gate to the infinite horrors of the Abyss.
 51743 | Depths:5 | Entered Level 5 of the Depths
 51748 | Depths:5 | Received a gift from Okawaru
 51967 | Depths:4 | Reached XP level 24. HP: 223/248 MP: 25/25
 52954 | Depths:5 | Identified the +7 battleaxe "Qishamm" {holy, MR- Int+3
                  | Dex+4 SInv}
 53363 | Depths:5 | Found a gate to the Realm of Zot.
 53411 | Depths:5 | Received a gift from Okawaru
 53915 | Vaults:2 | Bought a scroll of enchant armour for 112 gold pieces
 53915 | Vaults:2 | Bought a scroll of magic mapping for 52 gold pieces
 53915 | Vaults:2 | Bought a scroll of magic mapping for 52 gold pieces
 53915 | Vaults:2 | Bought a scroll of remove curse for 45 gold pieces
 53915 | Vaults:2 | Bought a potion of haste for 150 gold pieces
 54169 | Vaults:5 | Entered Level 5 of the Vaults
 54632 | Vaults:4 | Received a gift from Okawaru
 54660 | Vaults:4 | Got a steaming long sword {god gift}
 54661 | Vaults:4 | Identified the +9 long sword "Cokomen" {speed, +Fly rC-
                  | MR++ SInv} (Okawaru gifted it to you on level 4 of the
                  | Vaults)
 55055 | Vaults:5 | Reached XP level 25. HP: 225/257 MP: 25/25
 55314 | Vaults:5 | Received a gift from Okawaru
 55751 | Vaults:5 | Identified the Papyrus of Assistive Venom
 56012 | Vaults:5 | Found the +10 large shield of Ignorance {rN+ Int-4}
 56150 | Vaults:5 | Reached skill level 27 in Armour
 56364 | Vaults:5 | Got a silver rune of Zot
 56929 | Depths:3 | Received a gift from Okawaru
 57176 | Zot:1    | Entered Level 1 of the Realm of Zot
 58718 | Zot:2    | Noticed an orb of fire
 58741 | Zot:2    | Gained mutation: Your magical capacity is low. (-10% MP)
                  | [an orb of fire]
 58752 | Zot:2    | Gained mutation: Armour fits poorly on your strangely
                  | shaped body. [an orb of fire]
 58771 | Zot:2    | Killed an orb of fire
 59096 | Zot:2    | Reached XP level 26. HP: 204/266 MP: 22/22
 59481 | Zot:2    | Received a gift from Okawaru
 60053 | Zot:2    | Noticed an orb of fire
 60843 | Zot:3    | Noticed an orb of fire
 60859 | Zot:3    | Gained mutation: You are very weak. (Str -4) [an orb of
                  | fire]
 60879 | Zot:3    | Killed an orb of fire
 61352 | Zot:3    | Received a gift from Okawaru
 61356 | Zot:3    | Got a ruby-encrusted chain mail {god gift}
 61357 | Zot:3    | Identified the +4 chain mail of Distant Shores {Stlth+}
                  | (Okawaru gifted it to you on level 3 of the Realm of Zot)
 61769 | Zot:5    | Entered Level 5 of the Realm of Zot
 62347 | Zot:5    | Noticed an orb of fire
 62372 | Zot:5    | Killed an orb of fire
 62372 | Zot:5    | Noticed an ancient lich
 62699 | Zot:5    | Noticed an orb of fire
 62701 | Zot:5    | Noticed an ancient lich
 62879 | Zot:4    | Killed an orb of fire
 62905 | Zot:4    | Reached XP level 27. HP: 261/273 MP: 21/22
 63248 | Zot:4    | Killed an ancient lich
 63443 | Zot:5    | Noticed an orb of fire
 63480 | Zot:5    | Killed an orb of fire
 63505 | Zot:5    | Received a gift from Okawaru
 63946 | Zot:5    | Killed an ancient lich
 64174 | Zot:5    | Upgraded the game from 0.24.0-35-gdb84b6a5db to
                  | 0.24.0-37-gcf1ca852f1
 64174 | Zot:5    | Upgraded the game from 0.24.0-37-gcf1ca852f1 to
                  | 0.24.0-123-gd5b16e6ec5
 64175 | Zot:5    | Got a crude eveningstar
 64176 | Zot:5    | Identified the +8 eveningstar "Oqevixit" {protect, rC- MR+
                  | SInv} (You acquired it on level 5 of the Realm of Zot)
 64179 | Zot:5    | Got a bound jade ring
 64187 | Zot:5    | Identified the ring of Honesty {rPois Stlth+} (You acquired
                  | it on level 5 of the Realm of Zot)
 64195 | Zot:5    | Got the Orb of Zot
 64362 | Zot:3    | Noticed Voqip the pandemonium lord
 64457 | Depths:4 | Reached skill level 5 in Invocations
 64853 | D:$      | Escaped with the Orb!

Levels and vault maps discovered:
D:1:      psy_arrival_conway, layout_basic
D:2:      layout_basic, nicolae_overflow_hidden_temple,
          overflow_temple_1_default, nicolae_gozag_seed_capital,
          kennysheep_generic_room_3
D:3:      layout_basic, lemuel_doored_altar, first_ration, serial_bayou_pond_b
D:4:      layout_basic
D:5:      layout_loops_ring, gammafunk_temple_overflow_claw,
          kiku_gazebo_pond_becter, chequers_big_river, uniq_ijyb, uniq_edmund
D:6:      layout_basic
D:7:      minmay_the_grid_four_pointed_star
          [minmay_the_grid_triangle_9x9_pentomino_pain,
          minmay_the_grid_triangle_9x9_checkered,
          minmay_the_grid_triangle_9x9_limited_checkers,
          minmay_the_grid_triangle_9x9_flanged_cone,
          minmay_the_grid_prize_shrinking_boxes], layout_loops_ring, tgw_fedhas,
          minmay_temple_entry_fiery, uniq_joseph, uniq_pikel,
          uniq_crazy_yiuf_cottage
D:8:      layout_gridville, kennysheep_mini_moat
D:9:      layout_layer_cave, serial_shops, shop
D:10:     layout_roguey [special_room_bee], david_lair_generic, hangedman_ranch
          [blue_anna_fruit_fields], hangedman_decor_push,
          minmay_misc_feat_diagonals
D:11:     layout_loops_corners
D:12:     lemuel_castle_with_subvaults [lemuel_castle_interior_carwin_2],
          layout_irregular_city, erik_orc_1, serial_column_ruins,
          column_ruins_grid_1, column_ruins_open_medium, column_ruins_open_tiny,
          column_ruins_grid_1, column_ruins_open_large, column_ruins_open_small,
          okawaru_humans, uniq_fannar
D:13:     nicolae_whirlpool, layout_cave_pods, enter_trove_2, serial_shops,
          shop, uniq_erolcha
D:14:     layout_long_grid, grunt_vaults_entry_fortified, serial_shops,
          nicolae_shop_waterfront, kennysheep_cross_landing, uniq_rupert,
          uniq_nessos, uniq_agnes
D:15:     grunt_enter_depths_magical_seal, layout_rooms
Temple:   nicolae_temple_x_marks_the_god
Lair:1:   layout_cave_pods, minivault_11, chequers_serial_rivers_room_b
Lair:2:   layout_misc_corridors
Lair:3:   layout_loops_ring, dummy_snake_entry
Lair:4:   layout_long_grid, minmay_shoals_entry_centaurs
Lair:5:   layout_cave_shapes, serial_rivers, chequers_serial_rivers_micro_b,
          chequers_serial_rivers_small_a, chequers_serial_rivers_micro_b,
          chequers_serial_rivers_large_a, portal_ice_cave_entry_pillars_1,
          minmay_lair_oklob_chamber
Lair:6:   grunt_lair_end_beastmaster, layout_regular_city, slime_dummy,
          gauntlet_entry_generic, lemuel_fruit_fields
Shoals:1: layout_shoals, serial_shops, shop
Shoals:2: layout_shoals, uniq_ilsuiw, uniq_donald, uniq_louise
Shoals:3: layout_shoals, nicolae_shoals_flooded_hall
Shoals:4: shoals_end_grunt_garden, layout_shoals, ebering_ghost_davey_jones,
          serial_shops, shop
Snake:1:  layout_misc_corridors, uniq_aizul
Snake:2:  layout_honeycomb, serial_shops,
          nicolae_shop_temple_entry_statues_fountains
Snake:3:  layout_gridlike, ebering_ghost_reflecting_pool, minmay_shop_grove,
          uniq_mara, uniq_bai_suzhen
Snake:4:  snake_pit_salamanders_mu, layout_cave_town, basic_altar
Slime:1:  layout_caves
Orc:1:    layout_caves, basic_altar, lemuel_statue_altar, uniq_nergalle,
          uniq_sonja
Orc:2:    st_orc_ogre_mass, layout_caves
Elf:1:    minmay_elf_crystal_square, layout_rooms, serial_shops, shop,
          hangedman_elf_represent, uniq_frances, uniq_kirke
Elf:2:    layout_gridlike
Elf:3:    minmay_elf_hall_golems, layout_geoelf_diagonals, st_stairs_9,
          nrook_mini_backslash, minmay_elf_demonology
Vaults:1: v_misc_27, v_misc_17, grunt_vaults_swirl, nicolae_vaults_arrows,
          v_misc_24, grunt_vaults_funnel, nicolae_vaults_yaktaur_gun_rack,
          hangedman_vaults_slice, ontoclasm_vaults_claustrophobia,
          vaults_room_large_hall, layout_vaults_omnicross, serial_shops, shop
Vaults:2: ebering_vaults_ghost_inner_flame, ontoclasm_vaults_pinch,
          vaults_room_door_ring, ontoclasm_vaults_loading_screen,
          v_alt_pattern_4, kb_rosetta, vaults_room_corners, v_misc_24,
          vaults_dpeg_diagonal, nicolae_vaults_shelves_hall,
          minmay_crypt_entry_simple_round, vaults_room_stairs_pillars,
          layout_vaults_omnibox, portal_desolation_entry_salt, serial_shops,
          shop_fountains, shop, nicolae_shop_window_shopping, shop,
          uniq_saint_roka
Vaults:3: v_misc_3, v_rooms_5, vaults_room_pool, nicolae_vaults_network_star,
          nicolae_vaults_little_ls, v_misc_4, nicolae_vaults_little_squares_4,
          layout_vaults_omnigrid
Vaults:4: v_misc_26, vaults_room_octagon, nicolae_vaults_network_square,
          v_rooms_6, vaults_room_fours, v_misc_33, ontoclasm_vaults_eye,
          grunt_vaults_hallway_short, nicolae_vaults_shelves_hall,
          layout_vaults_maze_snakey
Vaults:5: serial_shops
Depths:1: layout_cross, serial_glass, glass_columns_a, glass_columns_a,
          glass_columns_a, glass_columns_a, glass_columns_a, serial_shops, shop,
          pf_hell_entry_great_geh, kennysheep_opposing_triangles
Depths:2: radiant_caverns_a_rkd, pan_entry, hell_entry
Depths:3: lemuel_minitomb, layout_basic, hell_entry, rand_demon_pan_entry_9,
          minmay_misc_feat_nine_boxes, minmay_protected_statue,
          infiniplex_staircase_zigzag_2, uniq_jory
Depths:4: minmay_connected_boxes_in_corner, layout_basic, abyss_entry,
          hell_entry, grunt_pan_entry_in_and_out, firewood_loft,
          minmay_staircase_bubble, serial_bayou_shore_b
Depths:5: grunt_x_marks_the_spot, layout_cave_pools, serial_bayou_pond_c,
          pf_hell_entry_tar_spiral, serial_bayou_shore_b
Zot:1:    layout_basic
Zot:2:    layout_gridlike, lemuel_elevator, grunt_megastairs_4
Zot:3:    layout_misc_corridors, grunt_megastairs_2
Zot:4:    layout_gridlike
Zot:5:    layout_misc_corridors

Skill      XL: |  1  2  3  4  5  6  7  8  9 10 11 12 13 14 15 16 17 18 19 20 21 22 23 24 25 26 27 |
---------------+----------------------------------------------------------------------------------+-----
Maces & Flails | 3 4 5 6 8 11 13 14 | 14.1
Dodging        | 2 3 5 7 8 9 10 11 13 15 16 17 18 19 20 21 22 | 22.7
Fighting       | 4 5 6 7 8 9 11 12 15 17 19 21 23 25 27 | 27.0
Armour         | 4 5 6 7 8 10 11 12 13 15 17 20 21 22 23 24 26 27 | 27.0
Shields        | 4 5 6 8 10 12 15 16 19 24 26 | 26.3
Invocations    | 2 4 5 |  5.3
Long Blades    | 1 13 14 | 14.0

Action                   |  1- 3 |  4- 6 |  7- 9 | 10-12 | 13-15 | 16-18 | 19-21 | 22-24 | 25-27 || total
-------------------------+-------+-------+-------+-------+-------+-------+-------+-------+-------++-------
Melee: Flail             |    78 |    50 |   154 |       |       |       |       |       |       ||   282
       Headbutt          |     8 |    24 |   126 |   194 |   679 |   548 |   497 |   668 |   492 ||  3236
       Whip              |       |   109 |       |       |       |       |       |       |       ||   109
       Mace              |       |       |   195 |   718 |  1806 |  1484 |       |       |       ||  4203
       Morningstar       |       |       |       |       |       |   583 |  1947 |  1682 |  1285 ||  5497
       Unarmed           |       |       |       |       |       |       |       |       |    28 ||    28
Throw: Boomerang         |       |       |     3 |     3 |    15 |    24 |     7 |     1 |       ||    53
Invok: Heroism           |       |       |       |       |     2 |     5 |     5 |     7 |     9 ||    28
 Abil: Evoke Flight      |       |       |       |       |       |       |     2 |       |       ||     2
Evoke: Wand              |       |       |       |       |     1 |       |       |     3 |     6 ||    10
  Use: Scroll            |       |    13 |       |     5 |    13 |    12 |    10 |    14 |    11 ||    78
       Potion            |       |       |       |     2 |     6 |    14 |     4 |     8 |    18 ||    52
 Stab: Fleeing           |       |       |       |       |       |     1 |       |       |       ||     1
       Invisible         |       |       |       |       |       |       |     3 |    13 |       ||    16
       Distracted        |       |       |       |       |       |       |       |     1 |       ||     1
  Eat: Chunk             |       |     8 |    10 |    17 |    34 |    26 |    33 |    23 |    23 ||   174
       Ration            |       |       |       |     1 |       |     2 |     1 |     3 |     3 ||    10
Armor: Scale mail        |     7 |     5 |    26 |   114 |    81 |       |       |       |       ||   233
       Ring mail         |    12 |    52 |       |       |    14 |       |       |       |       ||    78
       Chain mail        |       |       |    19 |       |       |       |       |       |       ||    19
       Plate armour      |       |       |       |       |   170 |   829 |   694 |   621 |   474 ||  2788
       Skin              |       |       |       |       |       |    69 |       |       |       ||    69
Dodge: Dodged            |    23 |    50 |    44 |   175 |   395 |   643 |   619 |   927 |   591 ||  3467
Block: Shield            |    48 |    81 |    84 |   251 |   835 |  1658 |  1527 |  1660 |  1100 ||  7244
       Reflection        |       |       |       |       |       |   149 |   139 |    94 |    22 ||   404
       Rpst.: Morningstar |       |       |       |       |       |       |    55 |   171 |    89 ||   315
